groovejumper, chaotic female human Monk ------- ------- |.....| |.....| |----.| |.---.| |.....| |.|...| |.----| | 2 | |.|.|.| |.....|}------ ------}|.|.|.| |----.|}}}}}}| 4 |}}}}}}--|.--- |.....|.....}| 4 2 |}.......|...| |.---.|.....}| --|}.....|.---.| |...|.|.....}+ 4 .@-......|...|.| |.|.|--.....}| --|}.....|--.|.| |.|.|.......}| 4 |}.....|...|.| ---.|.|}}}}}}| 4 |}}}}}}|.---.| |...|.|}------ ------}|.|...| |.---.|}| 2 2 30 |}|.|.|.| |.|...|}| |}|.|.|.| |.|.--|}-------}}}}}}}}}}}}}}}}}}}}}}}}}}}}}}}}}}}}}}}}}}}}}}}-------}|.|.|.| |<... |}}}}}}}}}.............................................}}}}}}}}}|...|.| ----- ---------------------------------------------------------------------- groovejumper the Student of Stones Experience level: 13 Strength: 25 Dexterity: 17 Constitution: 17 Intelligence: 11 Wisdom: 17 Charisma: 3 Health: 113(113) Energy: 67(82) AC: 7 Gold: 0 Moves: 20041 Your Inventory: Weapons Z - 35 blessed rustproof +2 throwing stars [shuriken] (in quiver) Armor e - an uncursed +0 pair of gauntlets of power (being worn) f - an uncursed burnt +0 pair of speed boots g - an uncursed +0 orcish helm (being worn) l - an uncursed +0 pair of levitation boots (being worn) Scrolls v - an uncursed scroll of teleportation Potions I - 2 [uncursed] potions of healing Rings z - an uncursed ring of conflict G - an uncursed ring of regeneration Wands i - a [cursed] wand of teleportation [0:3] j - an uncursed wand of striking (0:4) p - a [blessed] iron wand [of light (0:13)] w - an [uncursed] bent wand [of slow monster (0:7)] A - an [uncursed] wand called magic missile [of magic missile (0:5)] L - an [uncursed] spiked wand [of secret door detection (0:15)] M - an [uncursed] forked wand [of cancellation (0:7)] V - an [uncursed] wand of teleportation [0:7] Tools b - a blessed bag of holding m - an uncursed rusty key [skeleton key] u - an uncursed [+0] unicorn horn J - an uncursed towel R - an [uncursed] sack U - an uncursed sack Gems o - an uncursed gray stone named luck or flint [luckstone] Contents of the bag of holding: 9518 gold pieces an [uncursed] pyramidal amulet [of ESP] 5 uncursed rusty [+0 thirsty] daggers 7 uncursed rusty [+0] darts of detonation an uncursed rustproof [+0] long sword named Frost Brand [Frost Brand] an uncursed fireproof [+0] runed broadsword named Orcrist [Orcrist] 60 blessed rustproof [+2] throwing stars [shuriken] an uncursed [+0] faded pall [elven cloak] an [uncursed +0] shield of reflection an [uncursed +0] tattered cape [cloak of displacement] an uncursed carrot 9 uncursed food rations 2 uncursed lembas wafers an uncursed lizard corpse an uncursed orange an [uncursed] tin [of mountain nymph meat] 3 uncursed tripe rations 3 uncursed scrolls called earth [of earth] a [blessed] scroll labeled ELBIB YLOH [of stinking cloud] 2 [uncursed] scrolls labeled XIXAXA XOXAXA XUXAXA [of destroy armor] a blessed scroll of charging 2 [uncursed] scrolls of confuse monster 4 uncursed scrolls of create monster a [blessed] scroll of create monster an uncursed scroll of fire an uncursed scroll of flood a blessed scroll of genocide an uncursed scroll of gold detection 2 uncursed scrolls of magic mapping a [cursed] scroll of magic mapping 4 uncursed scrolls of remove curse 2 uncursed scrolls of scare monster 5 uncursed scrolls of teleportation 2 cursed scrolls of teleportation a blessed unlabeled scroll [of blank paper] 2 uncursed unlabeled scrolls [of blank paper] an [uncursed] light brown spellbook [of detect treasure] an [uncursed] spellbook of force bolt an [uncursed] spellbook of protection an [uncursed] spellbook of slow monster an uncursed black potion [of enlightenment] a [cursed] cloudy potion [of sickness] a [blessed] pink potion [of gain energy] an [uncursed] pink potion [of gain energy] 8 blessed potions called water [of holy water] a cursed potion of extra healing an [uncursed] potion of extra healing a cursed potion of full healing an uncursed potion of healing a cursed potion of healing an uncursed potion of invisibility 2 uncursed potions of levitation an [uncursed] potion of object detection an [uncursed] potion of sleeping an [uncursed] potion of speed a [cursed] potion of speed a blessed puce potion [of gain level] an [uncursed] puce potion [of gain level] an uncursed slimy potion [of paralysis] an uncursed yellow potion [of confusion] a [cursed] agate ring [of hunger] a cursed amber ring [of aggravate monster] a cursed amber ring [of aggravate monster] a cursed bronze ring [of teleportation] an [uncursed] diamond ring [of free action] an [uncursed] diamond ring [of free action] an uncursed gold ring [of teleport control] an uncursed [+1] jet ring [of increase damage] a [blessed +1] jet ring [of increase damage] an [uncursed] moonstone ring [of shock resistance] an uncursed quartz ring [of see invisible] a cursed -1 ring of gain dexterity a cursed -1 ring of increase accuracy a [cursed -1] ring of increase accuracy an uncursed ring of warning an uncursed wand called magic missile [of magic missile (0:4)] an [uncursed] wand called magic missile [of magic missile (0:8)] an uncursed wand of cold (0:7) an uncursed wand of cold [0:8] an uncursed wand of cold [0:5] an uncursed wand of create monster (0:15) an uncursed wand of digging (0:8) an uncursed wand of digging (0:7) an uncursed wand of digging [0:5] an [uncursed] wand of digging [0:5] an uncursed wand of fire [0:6] an uncursed wand of locking (0:5) an uncursed wand of make invisible (0:4) an uncursed wand of sleep [0:2] an uncursed wand of speed monster (0:7) an uncursed wand of speed monster (0:4) an [uncursed] wand of speed monster [0:7] an uncursed wand of striking (0:3) an uncursed wand of striking [0:7] an uncursed wand of striking [0:3] an uncursed wand of striking [0:7] an [uncursed] wand of striking [0:6] an uncursed wand of teleportation (0:6) an uncursed wand of teleportation (0:3) an uncursed wand of teleportation [0:8] an uncursed wand of teleportation [0:8] an uncursed blindfold an [uncursed] blindfold an uncursed brass lantern an uncursed rusty [+0] iron hook [grappling hook] an [uncursed] key [skeleton key] an [uncursed] looking glass [mirror] an [uncursed] looking glass [mirror] an uncursed magic whistle Spells known in the end: Name Level Category Fail Memory a - sleep 1* enchantment 100% [........] b - healing 1 healing 86% [|||.....] c - drain life 2 attack 100% [|||.....] d - jumping 1 escape 100% [||||....] e - protection 1 clerical 100% [|||||...] f - detect food 2 divination 100% [|||||...] g - magic mapping 5 divination 100% [|||||...] h - cure blindness 2 healing 86% [|||||||.] i - slow monster 2 enchantment 100% [|||||||.] j - force bolt 1 attack 100% [||||||||] Your skills at the end: Fighting Skills martial arts [Master / Grand Master] Weapon Skills shuriken [Basic / Expert] Spellcasting Skills healing spells [Basic / Expert] Final Attributes: You were piously aligned. Hunger level was 498. Your alignment was 110 / 110. Monster difficulty range was 4 - 20. Level difficulty was 27. You were immune to fire. You were immune to cold. You were immune to sleep. You were immune to poison. You saw invisible. You were telepathic. You were warned. You had automatic searching. You were stealthy. You were levitating. You were fast. You were extremely lucky (13). You had extra luck. Bad luck did not time out for you. Good luck did not time out for you. You are dead (2nd time!). Vanquished creatures: Medusa a titan a lindworm 2 baluchitheria 4 stone golems 2 Olog-hai a trapper a baby wyvern a vampire lord a clay golem Aphrodite a lurker above an Aleax a vampire 2 ghosts a locust a mind flayer 2 giant mimics 2 zruties a fire giant 2 ogre kings an ice troll 3 rock trolls 4 large mimics a wumpus 4 long worms a couatl 2 stalkers 2 air elementals an earth elemental 2 water elementals a black naga a giant zombie 4 wargs 2 winter wolves 8 small mimics 2 glass piercers a rodent of unusual size 3 quantum mechanics 4 trolls a sasquatch a wood golem 4 sharks a giant turtle a gelatinous cube a pyrolisk a large dog a freezing sphere a flaming sphere 2 shocking spheres 2 large cats 4 tigers 3 gargoyles 3 dwarf kings 2 tengu 2 ochre jellies 2 mountain centaurs 5 stone giants a pit viper a python 2 cobras 2 carnivorous apes 10 ettin zombies a Grey-elf an incubus a chameleon a crocodile 4 giant beetles 2 quivering blobs 5 cockatrices 3 wolves 3 winter wolf cubs a panther a spotted jelly 3 leprechauns 3 orc-captains an iron piercer 6 giant spiders 5 scorpions a horse 2 ice vortices a vampire bat 3 forest centaurs 5 gnome kings 2 dwarf mummies a brown pudding 5 owlbears 4 yetis a gold golem 3 werewolves 3 giant eels 5 lizards 2 chickatrices 3 dingos 2 housecats 2 jaguars 3 dwarf lords a blue jelly a white unicorn 4 ravens 5 plains centaurs a gnome mummy a snake 6 water moccasins 3 apes 3 human zombies a fire ant a snow ant 18 bugbears 8 wood nymphs 9 water nymphs 8 mountain nymphs a Mordor orc 4 Uruk-hai 4 orc shamans 4 rock piercers 3 enormous rats 3 rock moles 4 ponies 5 fog clouds 5 yellow lights a violet fungus 20 gnome lords 10 gnomish wizards 3 kobold mummies a red naga hatchling a guardian naga hatchling 2 gray oozes 10 elf zombies a ghoul 2 straw golems a wax golem a jellyfish a baby crocodile a giant ant 5 little dogs 4 floating eyes 4 kittens 20 dwarves 4 kobold lords a kobold shaman 11 hill orcs 9 rothes a centipede a giant bat 5 monkeys 9 orc zombies 7 dwarf zombies a wererat 3 werejackals 4 muggers 8 iguanas 14 killer bees 10 acid blobs a coyote 12 hobbits 4 large kobolds 18 hobgoblins 3 giant rats 5 cave spiders 2 brown molds 5 yellow molds a green mold 4 red molds 91 gnomes 15 garter snakes 2 gnome zombies 7 geckos 12 jackals a fox 2 kobolds 4 goblins 6 sewer rats 6 grid bugs 6 bats 6 lichens 3 kobold zombies 6 newts 720 creatures vanquished. Voluntary challenges: You pretended to be a vegetarian. You never hit with a wielded weapon. You read items or engraved 47 times. You put on armor 67 times. You never genocided any monsters. You never polymorphed an object. You changed form 1 time. You used 1 wish. You wrote Elbereth's name 10 times. You never encountered a bones level. You never used any Sokoban shortcuts. Dungeon overview: The Dungeons of Doom: levels 1 to 27 Level 1 a sink a long staircase Level 2 an armor shop, a fountain stairs to The Gnomish Mines Level 5 many fountains Level 6 a fountain, a sink stairs to Sokoban Level 8 stairs to Town Level 9 an altar to Huan Ti Level 11 a magic portal Level 12 some fountains, some trees Level 15 a fountain Level 16 an altar to Huan Ti, some fountains, many trees Level 18 some fountains Level 20 (safe) a sink Level 21 a temple, some fountains portal to One-eyed Sam's Market Level 22 a scroll shop, a fountain Level 27 <- You were here The Gnomish Mines: levels 3 to 10 Level 3 stairs to The Dungeons of Doom Level 6 some shops, a temple, a magic chest, some fountains, a sink Sokoban: levels 3 to 5 Level 5 a magic chest stairs to The Dungeons of Doom Town: levels 5 to 7 Level 5 many shops, some fountains, a sink Level 6 many fountains, many trees Level 7 stairs to The Dungeons of Doom One-eyed Sam's Market: Level 1 portal to The Dungeons of Doom History has recorded: On T:1 you entered the Dungeons of Doom to retrieve the Amulet of Yendor! On T:179 you reached level 2 of The Dungeons of Doom. On T:199 you advanced to experience level 2. On T:255 you advanced to experience level 3. On T:499 you reached level 3 of The Dungeons of Doom. On T:628 you reached level 4 of The Dungeons of Doom. On T:756 you advanced to experience level 4. On T:838 you reached level 5 of The Dungeons of Doom. On T:885 you advanced to experience level 5. On T:1073 you reached level 6 of The Dungeons of Doom. On T:1105 you advanced to experience level 6. On T:1272 you reached level 3 of Sokoban. On T:1584 you advanced to experience level 7. On T:1586 you reached level 2 of Sokoban. On T:1913 you reached level 1 of Sokoban. On T:2810 you advanced to experience level 8. On T:2994 you received advice from The Oracle. On T:3023 you reached level 7 of The Dungeons of Doom. On T:3228 you reached level 8 of The Dungeons of Doom. On T:3265 you reached level 3 of Town. On T:3432 you reached level 9 of The Dungeons of Doom. On T:3711 you advanced to experience level 9. On T:5575 you received a rustproof thirsty flail from Huan Ti. On T:6025 you received Sting from Huan Ti. On T:6377 you received Frost Brand from Huan Ti. On T:6724 you reached level 1 of The Gnomish Mines. On T:6778 you advanced to experience level 10. On T:7006 you reached level 2 of The Gnomish Mines. On T:7019 you reached level 4 of The Gnomish Mines. On T:7355 you reached level 5 of The Gnomish Mines. On T:7546 you reached level 6 of The Gnomish Mines. On T:7564 you reached level 7 of The Gnomish Mines. On T:7786 you reached level 8 of The Gnomish Mines. On T:8412 you reached level 3 of The Gnomish Mines. On T:9028 you advanced to experience level 11. On T:9671 you wished for "100 blessed fixed +2 throwing stars". On T:10290 you reached level 10 of The Dungeons of Doom. On T:10433 you reached level 11 of The Dungeons of Doom. On T:10741 you reached level 12 of The Dungeons of Doom. On T:11073 you reached level 13 of The Dungeons of Doom. On T:11304 you reached level 14 of The Dungeons of Doom. On T:11552 you reached level 15 of The Dungeons of Doom. On T:11881 you reached level 16 of The Dungeons of Doom. On T:13282 you received Orcrist from Huan Ti. On T:13330 you reached level 17 of The Dungeons of Doom. On T:13623 you reached level 18 of The Dungeons of Doom. On T:13865 you reached level 20 of The Dungeons of Doom. On T:13890 you advanced to experience level 12. On T:13972 you reached level 19 of The Dungeons of Doom. On T:14676 you reached level 21 of The Dungeons of Doom. On T:14735 you reached level 1 of One-eyed Sam's Market. On T:14942 you reached level 22 of The Dungeons of Doom. On T:15230 you reached level 23 of The Dungeons of Doom. On T:15725 you reached level 2 of Town. On T:15843 you killed Aphrodite on level 2 of Town. On T:16042 you reached level 1 of Town. On T:17396 you killed Medusa on level 23 of The Dungeons of Doom. On T:18296 you reached level 25 of The Dungeons of Doom. On T:19191 you reached level 26 of The Dungeons of Doom. On T:19196 you advanced to experience level 13. On T:19810 you reached The Castle. On T:20039 you were saved from death by your amulet of life saving! Latest messages: You feel better. [HP+19=108] This door is locked. You succeed in unlocking the door. [2 turns] The door opens. The bolt of disintegration hits you! Your robe crumbles and turns to dust! Your shirt crumbles into tiny threads and falls apart! But wait... Your medallion begins to glow! You reconstitute! The medallion crumbles to dust! [HP+5=113] You survived that attempt on your life. You find a trap door. A trap door opens up under you! You don't fall in. The bolt of disintegration hits you! The sack is empty. (2x) Final status: Punardarsanaya groovejumper the Monk... You were disintegrated in The Dungeons of Doom on dungeon level 27 with 48983 points, and 9518 pieces of gold, after 20041 moves. You were level 13 with a maximum of 113 hit points when you were disintegrated.